Description

Strong opening only

Build Order

Get SALT Encoding   

  13  0:00  SCV  Send to ramp to build supply
  14  0:12  SCV  
  14  0:17  Supply Depot  
  15  0:25  SCV  
  16  0:38  SCV  
  16  0:41  Barracks  
  16  0:44  Refinery  
  17  0:50  SCV  
  18  1:02  SCV  
  19  1:14  SCV  
  20  1:28  Orbital Command, Reaper  
  20  1:39  Command Center  Expand
  20  1:48  Supply Depot  
  21  1:53  SCV  
  22  2:00  Marine  
  23  2:05  SCV  
  23  2:07  Factory  
  23  2:11  Refinery  
  24  2:17  SCV  
  24  2:22  Barracks Reactor  
  25  2:29  SCV  
  26  2:41  SCV  
  26  2:53  Starport  
  27  2:54  SCV  
  27  2:55  Orbital Command  
  29  3:03  Hellion x2  
  32  3:06  SCV  
  32  3:17  Barracks Tech Lab  
  33  3:18  SCV  
  34  3:21  SCV  
  36  3:24  Hellion x2  
  38  3:25  Supply Depot  
  40  3:28  Viking  
  41  3:30  SCV  
  42  3:33  SCV  
  42  3:37  Stimpack, Marine  
  44  3:42  SCV  
  45  3:45  SCV  
  46  3:54  SCV  
  47  3:56  Marine  
  48  3:57  SCV  
  48  3:58  Barracks x2  
  48  3:59  Starport Reactor  
  49  4:06  SCV  
  47  4:07  Supply Depot  
  49  4:08  Barracks Reactor  
  50  4:09  SCV  
  51  4:14  Marine  
  52  4:18  SCV  
  53  4:21  SCV  
  53  4:29  Command Center  
  53  4:30  SCV, Supply Depot  
  55  4:32  Marine  
  56  4:33  SCV  
  56  4:42  SCV  
  57  4:43  Engineering Bay  
  58  4:46  Engineering Bay, SCV  
Spawning Tool Build Advisor. Get it on Overwolf

Go to:

Details

  • Created by: mtxset
  • Published on: Jul 23, 2019
  • Modified on: Jul 23, 2019
  • Patch: 4.7.1
Show
View Real Time Build Order
Export as new Build Order

Comments (0)

There are no comments. Be the first!

Create an account to comment!